AoeStats
← VIT | Hera

Arabia

503352336Analyzed
1v1 RM · 1mo ago on Aug 31, 2026· 40m 31s· 2 players
Game mode
Random Map
Map size
Tiny (2 player)
Population
200
Speed
Normal
Resources
Standard
Victory
Conquest
Starting age
Dark Age
Ending age
Imperial Age
RankedLock teamsTeams togetherTeam positionsShared explorationLock speedFull tech treeHidden civsTurbo modeCheats
Victory
Defeat
🇳🇱 Magyars · Netherlands
912
+19
🇨🇳 Bohemians · China
987
-19
rooster
10:42 Feudal Age
9:04 Loom
11:15 Double-Bit Axe
18:13 Castle Age
16:38 Horse Collar
17:24 Fletching
17:39 Gold Mining
20:27 Bow Saw
20:36 Bow Saw
27:57 Wheelbarrow
29:09 Hand Cart
31:02 Stone Mining
31:47 Gold Shaft Mining
34:13 Imperial Age
32:59 Bodkin Arrow
33:31 Corvinian Army
33:40 Scale Barding Armor
33:57 Ballistics
33:48 Masonry
34:04 Heavy Plow
35:06 Chain Barding Armor
34:23 Elite Magyar Huszar
35:47 Conscription
39:15 Parthian Tactics
VIT | Hera
5:47 Loom
8:44 Feudal Age
12:54 Double-Bit Axe
14:05 Wheelbarrow
13:25 Horse Collar
20:44 Castle Age
21:40 Hand Cart
21:37 Bow Saw
21:30 Heavy Plow
25:30 Fervor
30:24 Wagenburg Tactics
31:15 Redemption
36:43 Imperial Age
35:06 Treadmill Crane
36:45 Chemistry
38:29 Pikeman
39:10 Squires
39:55 Halberdier
Connection lost

Rejoining the realm…

Still unreachable

The connection could not be restored.

Session expired

The server has moved on; the page needs a fresh start.